 Dungeon Crawl Stone Soup version 0.29-a0-378-gc08b2e8bf8 (webtiles) character file.

Game seed: 3425612081936607415

63 zeratav the Sneak (level 4, -3/29 HPs)
             Began as a Kobold Enchanter on May 4, 2022.
             Slain by Natasha (6 damage)
             ... on level 2 of the Dungeon.
             The game lasted 00:01:54 (1777 turns).

zeratav the Sneak (Kobold Enchanter)                Turns: 1777, Time: 00:01:55

Health: -3/29      AC:  3    Str:  5    XL:     4   Next: 30%
Magic:  7/7        EV: 15    Int: 22    God:
Gold:   19         SH:  0    Dex: 17    Spells: 7/7 levels left

rFire   + . .      SeeInvis .   a - +1 dagger {short}
rCold   . . .      Faith    .   (no shield)
rNeg    . . .      Spirit   .   b - +0 robe
rPois   .          Reflect  .   (no helmet)
rElec   .          Harm     .   (no cloak)
rCorr   .          Rampage  .   (no gloves)
Will    .....                   f - +0 pair of boots
Stlth   ++++......              (no amulet)
HPRegen 0.09/turn               i - ring of protection from fire
MPRegen 0.10/turn               j - +6 ring of intelligence

@: slowed, very slow
A: small, no large weapons, nightstalker 3
a: no special abilities


You were on level 2 of the Dungeon.
You visited 1 branch of the dungeon, and saw 2 of its levels.

You collected 19 gold pieces.


Innate Abilities, Weirdness & Mutations

You are small and have problems with some larger weapons.
You are completely attuned to the shadows.


   Skills:
 + Level 4.0 Fighting
 - Level 1.3 Short Blades
 - Level 2.4 Dodging
 - Level 4.0 Stealth
 - Level 2.1 Spellcasting
 - Level 3.0 Hexes


You had 7 spell levels left.
You didn't know any spells.
Your spell library contained the following spells:

 Spells                   Type           Power      Damage    Failure   Level
 Ensorcelled Hibernation  Hex/Ice        16%        N/A       11%         2
 Confusing Touch          Hex            15%        N/A       12%         3
 Tukima's Dance           Hex            15%        N/A       12%         3
 Dazzling Flash           Conj/Hex       16%        N/A       22%         3
 Passage of Golubria      Tloc           2%         N/A       80%         4
 Silence                  Hex/Air        4%         N/A       90%         5
 Lehudib's Crystal Spear  Conj/Erth      1%         10d2      100%        8

Inventory:

Hand Weapons
 a - a +1 dagger (weapon) {short}
Armour
 b - a +0 robe (worn)
 d - a +0 leather armour
   (You found it on level 1 of the Dungeon)
 f - a +0 pair of boots (worn)
   (You found it on level 1 of the Dungeon)
 o - the +4 ring mail "Hir Ecs" {Contam Will+ Str+6}
   (You found it on level 2 of the Dungeon)

   Str:       It affects your strength (+6).
   Contam:    It causes magical contamination when unequipped.
   Will:      It increases your willpower.
Jewellery
 i - a ring of protection from fire (left hand)
   (You found it on level 1 of the Dungeon)
 j - a +6 ring of intelligence (right hand)
   (You found it on level 1 of the Dungeon)
Scrolls
 e - a scroll of torment {unknown}
 g - a scroll of poison {unknown}
 h - 2 scrolls of identify {unknown}
Potions
 c - 2 potions of invisibility
 k - a potion of brilliance {unknown}
 l - a potion of cancellation {unknown}
 m - a potion of curing {unknown}
 n - a potion of might {unknown}

Dungeon Overview and Level Annotations

Branches:
Dungeon (2/15)

Altars:

Annotations:
D:2 Natasha

........####.#.#..#......
#....##.####.#.#......###
....###........##.....
..#...######.........
#..##..####..####....
#.........#...#. ....
..........#.#.55.....
#.........###h#....
#............ยง@....
####.#..##..##.#...
#...##..........
#.....###.#...#
.....###..##..#
...#...........
.###...........
#.......... #..........


You could see Natasha and 2 crimson imps.


Message History

A ball python comes into view.
The helpless ball python fails to defend itself.
You impale the ball python!!
You kill the ball python!
No target in view!
No target in view!
No target in view!
No target in view!
No target in view!
No target in view!
No target in view!
No target in view!
No target in view!
No target in view!
No target in view!
No target in view!
No target in view!
No target in view!
No target in view!
n - a smoky golden potion A rat comes into view.
The rat bites you.
HP[-2]
You take 2 damage, and now have 21/23 hp.
You hit the rat. You hit the rat.
You kill the rat!
No target in view!
No target in view!
No target in view!
No target in view!
No target in view!
No target in view!
No target in view!
No target in view!
No target in view!
No target in view!
Natasha, Servant of Life and Death comes into view.
HP[+2]
Your hp is fully restored (23).
The helpless Natasha fails to defend herself.
You impale Natasha!!
You kill Natasha!
Natasha yowls pathetically as she dies!
Your Fighting skill increases to level 4!
You have reached level 4!
HP[+6] MP[+1]
You now have 29 max hp (+6).
Your hp is fully restored (29).
Your mp is fully restored (7).
o - the +4 ring mail "Hir Ecs" {Contam Will+ Str+6} Natasha, Servant of Life and Death comes into view.
Natasha hisses angrily.
You hit Natasha but do no damage. Natasha completely misses you.
You closely miss Natasha. Natasha barely misses you.
You hit Natasha but do no damage. Natasha misses you.
You hit Natasha but do no damage. Natasha claws you.
HP[-6]
You take 6 damage, and now have 23/29 hp.
MASSIVE DAMAGE!! (PAUSE)
You closely miss Natasha. Natasha claws you.
HP[-1]
You take 1 damage, and now have 22/29 hp.
You barely miss Natasha. Natasha claws you!
* * * LOW HITPOINT WARNING * * *
HP[-8]
You take 8 damage, and now have 14/29 hp.
MASSIVE DAMAGE!! (PAUSE)
You hit Natasha but do no damage. Natasha barely misses you.
You barely miss Natasha. Natasha closely misses you.
You hit Natasha. Natasha claws you.
* * * LOW HITPOINT WARNING * * *
HP[-6]
You take 6 damage, and now have 8/29 hp.
MASSIVE DAMAGE!! (PAUSE)
You hit Natasha. Natasha completely misses you.
You hit Natasha. Natasha closely misses you.
You hit Natasha. Natasha closely misses you.
HP[+1]
You hit Natasha. Natasha closely misses you.
You closely miss Natasha. Natasha barely misses you.
You hit Natasha.
Natasha stares at you and mumbles some strange words.
You feel yourself slow down.
You hit Natasha but do no damage.
Natasha casts a spell.
You hit Natasha but do no damage. Natasha closely misses you.
You closely miss Natasha.
Natasha casts a spell.
Natasha barely misses you.
You barely miss Natasha. The crimson imp barely misses you.
Natasha casts a spell at you. The magic dart hits you.
* * * LOW HITPOINT WARNING * * *
The crimson imp blinks!
HP[-6]
You take 6 damage, and now have 3/29 hp.
MASSIVE DAMAGE!! (PAUSE)
You barely miss Natasha. Natasha claws you but does no damage.
Natasha claws you.
You die...

Skill      XL: |  1  2  3 |
---------------+----------+-----
Fighting       | 1 2 4 |  4.0
Short Blades   | |  1.3
Dodging        | |  2.4
Stealth        | |  4.0
Spellcasting   | |  2.1
Hexes          | |  3.0

Action                   |  1- 3 |  4- 6 || total
-------------------------+-------+-------++-------
Melee: Dagger            |   106 |    20 ||   126
       Punch             |     1 |       ||     1
 Stab: Sleeping          |    14 |       ||    14
Armor: Robe              |    11 |     1 ||    12
Dodge: Dodged            |    53 |    13 ||    66

Levels and vault maps discovered:
D:1:      nzn_arrival_crosshair, layout_loops_ring
D:2:      layout_rooms, uniq_crazy_yiuf_cottage, uniq_natasha, uniq_sigmund

Notes
Turn   | Place    | Note
-------+----------+-------------------------------------------
     0 | D:1      | zeratav the Kobold Enchanter began the quest for the Orb.
     0 | D:1      | Reached XP level 1. HP: 10/10 MP: 3/3
     0 | D:1      | magus.rc [v1.9.6]
   170 | D:1      | Reached skill level 1 in Fighting
   233 | D:1      | Reached XP level 2. HP: 15/16 MP: 5/5
   272 | D:1      | Reached skill level 2 in Fighting
   612 | D:1      | Reached XP level 3. HP: 6/22 MP: 6/6
  1084 | D:1      | Reached skill level 3 in Fighting
  1678 | D:2      | You pick up a book of the Moon and begin reading...
  1678 | D:2      | You add the spells Passage of Golubria, Silence and
                  | Lehudib's Crystal Spear to your library.
  1716 | D:2      | Noticed Natasha
  1718 | D:2      | Killed Natasha
  1719 | D:2      | Reached skill level 4 in Fighting
  1719 | D:2      | Reached XP level 4. HP: 29/29 MP: 7/7
  1748 | D:2      | Identified the +4 ring mail "Hir Ecs" {Contam Will+ Str+6}
  1755 | D:2      | Noticed Natasha
  1776 | D:2      | HP: 3/29 [Natasha/magic dart (6)]
  1777 | D:2      | Slain by Natasha

Vanquished Creatures
  Natasha (D:2)
  2 endoplasms (D:1)
  2 giant cockroaches (D:1)
  5 goblins (D:1)
  7 hobgoblins
  6 kobolds (D:1)
  4 ball pythons
  A bat (D:1)
  A frilled lizard (D:1)
  4 rats
33 creatures vanquished.

Table legend:
 A = Non-vault XP
 B = Vault XP
 C = Vault XP percentage of total XP
 D = Non-vault monster count
 E = Vault monster count
 F = Vault count percentage of total count
                 A         B        C        D         E       F
            +---------+---------+-------+---------+---------+-------
      Total |      54 |      36 |  40.0 |      32 |       1 |   3.0
            +---------+---------+-------+---------+---------+-------
        D:1 |      47 |       0 |   0.0 |      28 |       0 |   0.0
        D:2 |       7 |      36 |  83.7 |       4 |       1 |  20.0
            +---------+---------+-------+---------+---------+-------

Illustrated notes

Table legend:
 A = Kills in this place as a percentage of kills in entire the game.
 B = Kills by you in this place as a percentage of kills by you in the entire game.
 C = Kills by friends in this place as a percentage of kills by friends in the entire game.
 D = Other kills in this place as a percentage of other kills in the entire game.
 E = Experience gained in this place as a percentage of experience gained in the entire game.
 F = Experience gained in this place divided by the number of levels of this place that you have seen.
                   A       B       C       D       E      F
               +-------+-------+-------+-------+-------+----------------------
         Total | 100.0 | 100.0 |   N/A |   N/A | 100.0 |  45.0
       Dungeon | 100.0 | 100.0 |   N/A |   N/A | 100.0 |  45.0
               +-------+-------+-------+-------+-------+----------------------

Table legend: (Time is in decaauts)
 A = Elapsed time spent in this place.
 B = Non-inter-level travel time spent in this place.
 C = Inter-level travel time spent in this place.
 D = Time resting spent in this place.
 E = Time spent auto-exploring this place.
 F = Levels seen in this place.
 G = Mean time per level.
                   A        B        C        D        E       F      G
               +--------+--------+--------+--------+--------+-----+--------+
         Total |   1770 |   1735 |     35 |    210 |   1289 |   2 |  885.0 |
       Dungeon |   1770 |   1735 |     35 |    210 |   1289 |   2 |  885.0 |
               +--------+--------+--------+--------+--------+-----+--------+

Top non-repeatable levels by time:
     D:1: 1574 daAuts
     D:2: 195 daAuts
